 Dungeon Crawl Stone Soup version 0.31-a0-149-g3fdcc5976a (webtiles) character file.

Game seed: 8187862579306741177

658 qw the Skirmisher (level 7, 0/69 HPs)
             Began as a Minotaur Hunter on June 7, 2023.
             Slain by a gnoll sergeant
             ... wielding a +0 spear
              (9 damage)
             ... on level 5 of the Dungeon.
             The game lasted 00:01:31 (4332 turns).

qw the Skirmisher (Minotaur Hunter)                 Turns: 4332, Time: 00:01:32

Health: 0/69       AC:  5    Str: 15    XL:     7   Next: 29%
Magic:  6/6        EV: 11    Int:  6    God:
Gold:   141        SH:  0    Dex: 16    Spells: 6/6 levels left

rFire   . . .        Y - +0 shortbow
rCold   + . .        (shield currently unavailable)
rNeg    + . .        f - +0 ring mail
rPois   .            (helmet restricted)
rElec   .            (no cloak)
rCorr   .            (no gloves)
SInv    .            (no boots)
Will    .....        (no amulet)
Stlth   +            b - ring of positive energy
HPRegen 0.31/turn    j - ring of protection from cold
MPRegen 0.10/turn

%: no passive effects
@: no status effects
A: horns 2, retaliatory headbutt, robust 1
a: no special abilities


You were on level 5 of the Dungeon.
You visited 1 branch of the dungeon, and saw 5 of its levels.

You collected 267 gold pieces.
You spent 126 gold pieces at shops.


Innate Abilities, Weirdness & Mutations

You have a pair of horns on your head.
You reflexively headbutt those who attack you in melee.
You are robust. (+10% HP)


   Skills:
 - Level 6.1 Fighting
 - Level 8.0 Ranged Weapons
 - Level 1.0 Armour
 + Level 2.9 Dodging
 - Level 0.7 Stealth


You had 6 spell levels left.
You didn't know any spells.
Your spell library was empty.

Inventory:

Hand Weapons
 Y - a +0 shortbow (weapon)
Armour
 f - a +0 ring mail (worn)
 i - a +0 pair of boots
Jewellery
 b - a ring of positive energy (left hand)
 j - a ring of protection from cold (right hand)
Scrolls
 a - 2 scrolls of identify
 d - a scroll of enchant armour
Potions
 e - a potion of might
 g - 2 potions of curing
 h - a potion of attraction {unknown}

Dungeon Overview and Level Annotations

Branches:
Dungeon (5/15)
 Temple: D:4-7

Altars:
Dithmenos
Elyvilon
Qazlal
Uskayaw
Wu Jian

Shops:
D:2 ?

Annotations:
D:3 1 runed translucent door, Crazy Yiuf


Message History

The gnoll is severely wounded.
The gnoll sergeant hits you from afar with a +0 spear.
The gnoll hits you with a +0 club. x2; The gnoll sergeant closely misses you.
You shoot an arrow. The arrow barely misses the gnoll.
The arrow hits the gnoll sergeant.
The gnoll sergeant is moderately wounded.
The gnoll sergeant hits you from afar with a +0 spear.
You shoot an arrow. The arrow hits the gnoll.
The gnoll is almost dead.
The gnoll closely misses you. The gnoll sergeant closely misses you.
The gnoll hits you with a +0 club!
4326 ||| DRINKING potion of heal wounds.
You feel much better. The gnoll hits you but does no damage.
The gnoll sergeant hits you but does no damage.
The gnoll hits you with a +0 club.
You shoot an arrow. The arrow hits the gnoll!
You kill the gnoll!
The gnoll sergeant closely misses you.
You shoot an arrow. The arrow hits the gnoll.
The gnoll is lightly wounded.
The gnoll sergeant hits you from afar with a +0 spear!
The gnoll barely misses you.
You shoot an arrow. The arrow hits the gnoll.
The gnoll is moderately wounded.
The gnoll sergeant hits you from afar with a +0 spear.
The gnoll hits you but does no damage.
You shoot an arrow.
The arrow hits the gnoll but does no damage.
The gnoll is moderately wounded.
The gnoll sergeant hits you from afar with a +0 spear.
You shoot an arrow. The arrow hits the gnoll.
The gnoll is heavily wounded.
The gnoll sergeant hits you from afar with a +0 spear!
The gnoll barely misses you. You furiously retaliate!
You headbutt the gnoll. You shoot an arrow.
The arrow hits the gnoll but does no damage.
The gnoll is heavily wounded.
The gnoll sergeant hits you from afar with a +0 spear!
You die...

.>..# #....).........#
....##...#....#....###
#.)..##.####.......#.##
#.....#..####.......<.#
.#....#..##.#.........#
..###.#.##............#
...............#....###
...............##..##
................@g.#
...............##g##
#.............###Wg#
....#........... g.#
##.###.......##....# ..
.......## ....# ......
... ..... ...


You could see a phantom, a gnoll sergeant and 3 gnolls.

Vanquished Creatures
  Sigmund (D:2)
  A scorpion (D:5)
  2 orc priests
  2 iguanas (D:5)
  Jessica (D:2)
  Terence (D:2)
  Natasha (thrice) (D:2)
  Robin (D:4)
  2 gnolls (D:5)
  6 adders
  A white imp (D:5)
  2 worms
  12 orcs
  7 endoplasms
  3 giant cockroaches
  11 goblins
  8 hobgoblins
  9 jackals
  4 quokkas
  5 ball pythons
  3 bats (D:2)
  3 frilled lizards
  7 kobolds
  3 rats
98 creatures vanquished.

Notes
Turn   | Place    | Note
-------+----------+-------------------------------------------
     0 | D:1      | qw the Minotaur Hunter began the quest for the Orb.
     0 | D:1      | Reached XP level 1. HP: 18/18 MP: 0/0
     0 | D:1      | 0 ||| qw: Version: 0.2-a-117-gc6b5c8b
     0 | D:1      | 0 ||| qw: Game counter: 2667
     0 | D:1      | 0 ||| qw: Always use a shield: true
     0 | D:1      | 0 ||| qw: God list: Okawaru
     0 | D:1      | 0 ||| qw: Allow faded altars: false
     0 | D:1      | 0 ||| qw: Do Orc after D:15 true
     0 | D:1      | 0 ||| qw: Do second Lair branch before Depths: true
     0 | D:1      | 0 ||| qw: Lair rune preference: random
     0 | D:1      | 0 ||| qw: Plans: Normal
     0 | D:1      | 0 ||| PLANNING D:1-11
   217 | D:1      | Reached XP level 2. HP: 25/25 MP: 1/1
   557 | D:1      | Reached skill level 5 in Ranged Weapons
   714 | D:1      | 714 ||| UPGRADING to +0 ring mail.
   724 | D:1      | 724 ||| DROPPING +0 leather armour.
   725 | D:1      | 725 ||| READING 2 scrolls labelled XOORAUT BOXATE.
   726 | D:1      | 726 ||| DROPPING scroll of butterflies.
   763 | D:2      | Reached skill level 1 in Armour
   763 | D:2      | Noticed Terence
   774 | D:2      | Killed Terence
   775 | D:2      | Reached skill level 3 in Fighting
   775 | D:2      | Reached XP level 3. HP: 12/33 MP: 2/2
  1072 | D:2      | Noticed Jessica
  1074 | D:2      | Killed Jessica
  1075 | D:2      | Reached XP level 4. HP: 40/40 MP: 3/3
  1084 | D:2      | Noticed Natasha
  1090 | D:2      | Killed Natasha
  1139 | D:2      | Reached skill level 6 in Ranged Weapons
  1151 | D:2      | Noticed Sigmund
  1157 | D:2      | 1157 ||| FLEEEEING.
  1158 | D:2      | 1158 ||| FLEEEEING.
  1159 | D:2      | 1159 ||| STAIRDANCE
  1195 | D:1      | 1195 ||| READING scroll labelled ZEQESM XEHISEWK.
  1196 | D:1      | 1196 ||| READING scroll labelled WORUTHANNO.
  1197 | D:1      | 1197 ||| DRINKING 2 orange potions.
  1198 | D:1      | 1198 ||| READING 2 scrolls of identify.
  1198 | D:1      | 1198 ||| IDENTIFYING purple potion
  1201 | D:2      | 1201 ||| STAIRDANCE
  1203 | D:2      | 1203 ||| STAIRDANCE
  1205 | D:2      | 1205 ||| STAIRDANCE
  1207 | D:2      | 1207 ||| STAIRDANCE
  1310 | D:2      | 1310 ||| STAIRDANCE
  1347 | D:2      | Killed Sigmund
  1348 | D:2      | Reached skill level 6 in Fighting
  1348 | D:2      | Reached XP level 5. HP: 25/50 MP: 4/4
  1348 | D:2      | Reached XP level 6. HP: 29/57 MP: 5/5
  1575 | D:2      | Found Doitzex's Magic Scroll Shoppe.
  1580 | D:2      | 1580 ||| BUYING 2 scrolls of identify (44 gold).
  1580 | D:2      | Bought 2 scrolls of identify for 44 gold pieces
  1580 | D:2      | 1580 ||| BUYING scroll of enchant armour (82 gold).
  1580 | D:2      | Bought a scroll of enchant armour for 82 gold pieces
  1580 | D:2      | 1580 ||| SHOPLISTING scroll of teleportation (33 gold, have
                  | 3).
  1717 | D:2      | Noticed Natasha
  1731 | D:2      | HP: 9/57 [something (8)]
  1732 | D:2      | HP: 4/57 [something (5)]
  1733 | D:2      | Killed Natasha
  1762 | D:2      | Noticed Natasha
  1763 | D:2      | 1763 ||| FLEEEEING.
  1778 | D:2      | HP: 11/57 [Natasha (7)]
  1779 | D:2      | HP: 4/57 [Natasha (7)]
  1780 | D:2      | Killed Natasha
  2157 | D:2      | 2157 ||| DRINKING 2 puce potions.
  2157 | D:2      | Gained mutation: You sometimes lose your temper in combat.
                  | [potion of mutation]
  2157 | D:2      | Gained mutation: Your spells are a little harder to cast,
                  | but a little more powerful. [potion of mutation]
  2157 | D:2      | Gained mutation: You are partially covered in iridescent
                  | scales. (AC +2) [potion of mutation]
  2158 | D:2      | 2158 ||| DRINKING potion of mutation.
  2158 | D:2      | Lost mutation: Your spells are a little harder to cast, but
                  | a little more powerful. [potion of mutation]
  2158 | D:2      | Lost mutation: You are partially covered in iridescent
                  | scales. (AC +2) [potion of mutation]
  2158 | D:2      | Lost mutation: You sometimes lose your temper in combat.
                  | [potion of mutation]
  2158 | D:2      | Gained mutation: You are robust. (+10% HP) [potion of
                  | mutation]
  2174 | D:2      | 2174 ||| READING 3 scrolls of identify.
  2174 | D:2      | 2174 ||| IDENTIFYING fuming pink potion
  2175 | D:2      | 2175 ||| DROPPING potion of brilliance.
  2176 | D:2      | 2176 ||| DROPPING potion of invisibility.
  2353 | D:3      | Found a runed translucent door.
  2354 | D:3      | Noticed Crazy Yiuf
  2468 | D:3      | Found a faded altar of an unknown god.
  2632 | D:3      | Identified the +2 trident "Gecaemom" {heavy, rF+ rCorr
                  | Int+2}
  3111 | D:3      | 3111 ||| UPGRADING to ring of positive energy.
  3112 | D:3      | 3112 ||| UPGRADING to ring of protection from cold.
  3113 | D:3      | 3113 ||| READING scroll labelled LEIGHUE VUITOD.
  3114 | D:3      | 3114 ||| READING scroll labelled AKETIO CYALI.
  3115 | D:3      | 3115 ||| READING 3 scrolls of identify.
  3115 | D:3      | 3115 ||| IDENTIFYING metallic pink potion
  3116 | D:3      | 3116 ||| READING 2 scrolls of identify.
  3116 | D:3      | 3116 ||| IDENTIFYING fuming clear potion
  3117 | D:3      | 3117 ||| DROPPING potion of lignification.
  3265 | D:4      | Identified the +0 helmet of Unorena {rCorr Str+2}
  3265 | D:4      | Noticed Robin
  3269 | D:4      | 3269 ||| Stepping ~*~*~tactically~*~*~ (outnumbered).
  3280 | D:4      | Killed Robin
  3493 | D:4      | Found a shadowy altar of Dithmenos.
  3592 | D:4      | 3592 ||| Stepping ~*~*~tactically~*~*~ (outnumbered).
  3602 | D:4      | Reached skill level 7 in Ranged Weapons
  3809 | D:4      | Found a hide-covered altar of Uskayaw.
  3934 | D:4      | 3934 ||| READING scroll labelled ADANATHR ATAF.
  3948 | D:5      | Entered Level 5 of the Dungeon
  4006 | D:5      | Reached XP level 7. HP: 26/69 MP: 6/6
  4009 | D:5      | HP: 16/69 [poisoned by a scorpion]
  4014 | D:5      | HP: 13/69 [poisoned by a scorpion]
  4229 | D:5      | Reached skill level 8 in Ranged Weapons
  4290 | D:5      | Found a white marble altar of Elyvilon.
  4290 | D:5      | Found a stormy altar of Qazlal.
  4296 | D:5      | Found an ornate altar of the Wu Jian Council.
  4325 | D:5      | HP: 16/69 [gnoll/+0 club[a gnoll sergeant] (8)]
  4326 | D:5      | 4326 ||| DRINKING potion of heal wounds.
  4331 | D:5      | HP: 8/69 [gnoll sergeant/+0 spear (12)]
  4332 | D:5      | Slain by a gnoll sergeant

Levels and vault maps discovered:
D:1:      mrwooster_arrival_statue, layout_basic
D:2:      layout_basic, serial_shops, shop, dk_vineyard_2, uniq_terence,
          uniq_natasha, uniq_sigmund, uniq_jessica
D:3:      layout_basic, ebering_ecumenical_altar_box, uniq_crazy_yiuf_cottage
D:4:      layout_basic, mainiacjoe_overflow_brackets, nicolae_uskayaw_suspiria,
          uniq_robin
D:5:      layout_cave_pools, lemuel_round_altar, mainiacjoe_overflow_paths,
          chequers_temple_overflow_statue_of_worship, minmay_temple_entry_glass,
          uniq_grinder

Skill      XL: |  1  2  3  4  5  6  7 |
---------------+----------------------+-----
Ranged Weapons | 5 6 7 8 |  8.0
Armour         | 1 |  1.0
Fighting       | 3 6 |  6.1
Dodging        | |  2.9
Stealth        | |  0.7

Action                     |  1- 3 |  4- 6 |  7- 9 || total
---------------------------+-------+-------+-------++-------
   Fire: Shortbow          |    80 |   227 |    43 ||   350
    Use: Scroll            |     1 |     9 |       ||    10
         Potion            |       |     3 |     1 ||     4
 Armour: Ring mail         |     8 |    27 |     6 ||    41
         Skin              |       |     6 |       ||     6
  Dodge: Dodged            |    19 |    61 |    25 ||   105

Table legend:
 A = Non-vault XP
 B = Vault XP
 C = Vault XP percentage of total XP
 D = Non-vault monster count
 E = Vault monster count
 F = Vault count percentage of total count
                 A         B        C        D         E       F
            +---------+---------+-------+---------+---------+-------
      Total |     578 |     362 |  38.5 |      88 |      10 |  10.2
            +---------+---------+-------+---------+---------+-------
        D:1 |      22 |       0 |   0.0 |      10 |       0 |   0.0
        D:2 |     133 |     337 |  71.7 |      31 |       4 |  11.4
        D:3 |      64 |       0 |   0.0 |      20 |       0 |   0.0
        D:4 |      91 |      25 |  21.6 |      14 |       6 |  30.0
        D:5 |     268 |       0 |   0.0 |      13 |       0 |   0.0
            +---------+---------+-------+---------+---------+-------
